 Dungeon Crawl Stone Soup version 0.30-a0-793-g160f7cfddd (webtiles) character file.

Game seed: 15627958289725927771

388 Farfigtubin the Sneak (level 7, -12/43 HPs)
             Began as a Kobold Brigand on Feb 20, 2023.
             Was a Follower of Dithmenos.
             Killed from afar by Dowan (19 damage)
             ... with a shard of ice
             ... on level 4 of the Dungeon.
             The game lasted 00:29:52 (3554 turns).

Farfigtubin the Sneak (Kobold Brigand)              Turns: 3554, Time: 00:29:52

Health: -12/43     AC:  3    Str:  8    XL:     7   Next: 7%
Magic:  7/7        EV: 29    Int: 13    God:    Dithmenos [*.....]
Gold:   197        SH:  0    Dex: 18    Spells: 6/6 levels left

rFire   . . .      SeeInvis .    a - +2 dagger
rCold   . . .      Faith    .    (no shield)
rNeg    . . .      Spirit   .    b - +0 robe
rPois   .          Reflect  .    (no helmet)
rElec   .          Harm     .    c - +0 cloak
rCorr   .          Rampage  .    (no gloves)
Will    .....                    (no boots)
Stlth   ++++++                   j - amulet of the acrobat
HPRegen 0.27/turn                (no ring)
MPRegen 0.10/turn                (no ring)

@: acrobatic, wreathed by umbra
A: small, no large weapons, nightstalker 3
a: Renounce Religion


You were on level 4 of the Dungeon.
You worshipped Dithmenos.
Dithmenos was aware of your devotion.
You visited 2 branches of the dungeon, and saw 5 of its levels.

You collected 197 gold pieces.

Inventory:

Hand Weapons
 a - a +2 dagger (weapon)
Missiles
 d - 9 poisoned darts (quivered)
 e - a curare-tipped dart
 p - 45 stones
Armour
 b - a +0 robe (worn)
 c - a +0 cloak (worn)
Jewellery
 j - an amulet of the acrobat (around neck)
Scrolls
 g - a scroll of poison {unknown}
 i - a scroll of identify {unknown}
 q - a scroll of immolation {unknown}
 r - a scroll of magic mapping {unknown}
 t - a scroll of teleportation {unknown}
 v - a scroll of amnesia {unknown}
Potions
 f - 3 potions of heal wounds {unknown}
 h - a potion of magic {unknown}
 k - a potion of degeneration {unknown}
 l - a potion of resistance {unknown}
 m - 2 potions of mutation {unknown}
 n - a potion of attraction {unknown}
 o - 3 potions of curing {unknown}
 s - a potion of might {unknown}
 u - a potion of flight {unknown}
 w - a potion of brilliance {unknown}


   Skills:
 + Level 4.2 Fighting
 * Level 6.0 Short Blades
 - Level 2.1 Throwing
 - Level 1.2 Dodging
 + Level 7.9 Stealth


You had 6 spell levels left.
You didn't know any spells.
Your spell library was empty.

Dungeon Overview and Level Annotations

Branches:
Dungeon (4/15)             Temple (1/1) D:4

Altars:
Cheibriados
Dithmenos
Gozag
Kikubaaqudgha
Makhleb
Qazlal
Ru
Sif Muna
Uskayaw
Vehumet
Wu Jian
Yredelemnul

Shops:
D:1 (

Annotations:
D:4 2 runed translucent doors, Dowan


Innate Abilities, Weirdness & Mutations

You are small and have problems with some larger weapons.
You are completely attuned to the shadows.


Message History

Dowan shakes with grief.
Dowan barely misses you.
You hit Dowan.
Dowan is moderately wounded.
Dowan hits you with a +0 dagger.
You hit Dowan.
Dowan is heavily wounded.
Dowan closely misses you.
You miss Dowan.
Dowan is heavily wounded.
Dowan hits you with a +0 dagger.
You hit Dowan.
Dowan is heavily wounded.
Dowan points at you and mumbles some strange words.
The shard of ice hits you!
* * * LOW HITPOINT WARNING * * *
Dowan hits you with a +0 dagger.
* * * LOW HITPOINT WARNING * * *
You hit Dowan.
Dowan is severely wounded.
Dowan misses you.
Okay, then.
Throw: 9 darts (poison)
Press: ? - help, Q - select action, (/) - cycle Shift-Dir - straight line, f/p - Dowan
Aim: Dowan, wielding a +0 dagger and wearing a +0 robe (severely wounded, fast, umbra, 54% to hit)
Okay, then.
Throw: 2 darts (curare)
Press: ? - help, Shift-Dir - straight line, f/p - Dowan
Aim: Dowan, wielding a +0 dagger and wearing a +0 robe (severely wounded, fast, umbra, 54% to hit)
You throw a curare-tipped dart.
The curare-tipped dart barely misses Dowan.
Dowan closely misses you.
You hit Dowan.
Dowan is almost dead.
Dowan gestures wildly while chanting.
Dowan blinks!
Found 7 gold pieces.
Dowan points at you and mumbles some strange words.
The shard of ice hits you!!
You die...

...#...............
..<..........<.....
#...................
##..................
###..................
.....................
..............$.)....
##.................?.
###....###.....@....
###.....#...e.....
##.............$
##...........(# ##
#............##
.######......g
.....##.......
####.........
####......


You could see Dowan (fast).

Vanquished Creatures
  Duvessa (D:4)
  An ogre (D:4)
  A necrophage (D:4)
  5 adders
  An ufetubus (D:4)
  3 worms
  3 dart slugs
  4 orcs (D:3)
  5 bats
  5 endoplasms
  2 giant cockroaches
  7 goblins
  8 hobgoblins
  5 kobolds (D:1)
  3 quokkas
  7 ball pythons
  4 frilled lizards (D:1)
  10 rats
75 creatures vanquished.

Notes
Turn   | Place    | Note
-------+----------+-------------------------------------------
     0 | D:1      | Farfigtubin the Kobold Brigand began the quest for the Orb.
     0 | D:1      | Reached XP level 1. HP: 12/12 MP: 1/1
    88 | D:1      | Reached XP level 2. HP: 18/18 MP: 2/2
   364 | D:2      | Reached XP level 3. HP: 19/22 MP: 3/3
   368 | D:2      | Reached skill level 6 in Stealth
   529 | D:4      | Noticed an ogre
   530 | D:4      | Killed an ogre
   531 | D:4      | Reached skill level 7 in Stealth
   531 | D:4      | Reached XP level 4. HP: 28/28 MP: 4/4
   531 | D:4      | Reached XP level 5. HP: 32/32 MP: 5/5
   536 | D:4      | Found a large runed translucent door.
   536 | D:4      | Found a large runed translucent door.
   549 | D:4      | Found a staircase to the Ecumenical Temple.
   553 | Temple   | Entered the Ecumenical Temple
   725 | Temple   | Became a worshipper of Dithmenos the Shadowed
   969 | D:2      | Reached XP level 6. HP: 37/37 MP: 6/6
  1272 | D:1      | Found Bamyghagg's Weapon Shop.
  1482 | D:1      | Reached skill level 5 in Short Blades
  1762 | D:2      | Found a radiant altar of Vehumet.
  1851 | D:2      | Reached * piety under Dithmenos
  1974 | D:2      | Found a faded altar of an unknown god.
  3537 | D:4      | Noticed Duvessa
  3539 | D:4      | Noticed Dowan
  3541 | D:4      | Killed Duvessa
  3542 | D:4      | Reached XP level 7. HP: 43/43 MP: 7/7
  3554 | D:4      | Killed from afar by Dowan

Illustrated notes

Levels and vault maps discovered:
D:1:      evilmike_arrival_crescent, layout_basic, serial_shops,
          nicolae_shop_behind_doors, nicolae_wormholes
D:2:      layout_basic, ebering_ecumenical_altar_webs, basic_altar,
          minmay_misc_feat_roman
D:3:      minmay_chambers_of_twos, layout_basic
D:4:      layout_rooms, nicolae_overflow_two_pavilions, zin_scriptorium,
          minmay_temple_entry_drinking_statues, minmay_misc_feat_hallway,
          minmay_hollow_rounded_squares, uniq_duvessa, uniq_ijyb
Temple:   nicolae_temple_bog_church

Skill      XL: |  1  2  3  4  5  6 |
---------------+-------------------+-----
Short Blades   | 3 4 6 |  6.0
Stealth        | 7 |  7.9
Fighting       | 3 4 |  4.2
Throwing       | |  2.1
Dodging        | |  1.2

Action                     |  1- 3 |  4- 6 |  7- 9 || total
---------------------------+-------+-------+-------++-------
  Melee: Dagger            |    33 |   126 |     9 ||   168
         Punch             |       |     2 |     1 ||     3
  Throw: Dart              |       |       |     2 ||     2
   Stab: Sleeping          |    14 |    36 |       ||    50
 Armour: Robe              |     1 |     8 |       ||     9
  Dodge: Dodged            |    10 |    45 |     5 ||    60

Table legend: (Time is in decaauts)
 A = Elapsed time spent in this place.
 B = Non-inter-level travel time spent in this place.
 C = Inter-level travel time spent in this place.
 D = Time resting spent in this place.
 E = Time spent auto-exploring this place.
 F = Levels seen in this place.
 G = Mean time per level.
                   A        B        C        D        E       F      G
               +--------+--------+--------+--------+--------+-----+--------+
         Total |   3541 |   3419 |    122 |     59 |    764 |   5 |  708.2 |
       Dungeon |   3208 |   3086 |    122 |     59 |    516 |   4 |  802.0 |
        Temple |    332 |    332 |      0 |      0 |    248 |   1 |  332.0 |
               +--------+--------+--------+--------+--------+-----+--------+

Top non-repeatable levels by time:
     D:3: 1222 daAuts
     D:1: 987 daAuts
     D:2: 837 daAuts
  Temple: 332 daAuts
     D:4: 161 daAuts
